 Dungeon Crawl Stone Soup version 0.31-a0-691-g409c26aa35 (webtiles) character file.

Game seed: 8462142711014736802

1955 CowFu the Grappler (level 8, -9/59 HPs)
             Began as a Green Draconian Shapeshifter on Sept 6, 2023.
             Was a Believer of the Shining One.
             Mangled by Joseph
             ... wielding a +0 quarterstaff
              (16 damage)
             ... on level 7 of the Dungeon.
             The game lasted 00:10:19 (6149 turns).

CowFu the Grappler (Green Draconian Shapeshifter)   Turns: 6149, Time: 00:10:19

Health: -9/59      AC:  6    Str: 16    XL:     8   Next: 99%
Magic:  8/8        EV: 12    Int: 10    God:    the Shining One [**....]
Gold:   529        SH:  0    Dex: 20    Spells: 7/7 levels left

rFire   + .          .
                       - Unarmed
rCold   . . .        (no shield)
rNeg    + . .        (body armour unavailable)
rPois   +            (helmet currently unavailable)
rElec   .            (cloak currently unavailable)
rCorr   .            (gloves currently unavailable)
SInv    .            (boots currently unavailable)
Will    .....        (no amulet)
Stlth   +            u - +6 ring of dexterity
HPRegen 0.29/turn    e - ring of protection from fire
MPRegen 0.11/turn

%: no passive effects
@: beast-form, glowing
A: beast (slay +4), breathe noxious fumes, AC +6, unfitting armour, poison
resistance, cold-blooded
a: Breathe Noxious Fumes, Begin Untransformation, Renounce Religion, Divine
Shield


You were on level 7 of the Dungeon.
You worshipped the Shining One.
The Shining One was pleased with you.
You were a hulking beast.
You visited 1 branch of the dungeon, and saw 7 of its levels.

You collected 529 gold pieces.

Inventory:

Armour
 q - a +0 cloak
 y - a +0 pair of gloves
Jewellery
 e - a ring of protection from fire (right hand)
 f - a +6 ring of intelligence
 i - a ring of willpower
 u - a +6 ring of dexterity (left hand)
 A - a ring of flight
Talismans
 b - a beast talisman (active)
 c - a flux talisman
Wands
 t - a wand of mindburst (9)
 w - a wand of polymorph (4)
 B - a wand of iceblast (10)
Scrolls
 j - a scroll of noise
 l - 2 scrolls of immolation
 p - 3 scrolls of poison
 v - a scroll of identify
Potions
 a - a potion of lignification
 d - 2 potions of resistance
 g - 2 potions of might
 h - 3 potions of haste
 k - a potion of invisibility
 m - 2 potions of attraction
 n - a potion of magic
 o - 3 potions of cancellation
 r - a potion of mutation
 x - a potion of enlightenment


   Skills:
 - Level 1.1 Fighting
 - Level 1.7 Dodging
 + Level 10.0 Unarmed Combat
 - Level 7.0 Shapeshifting


You had 7 spell levels left.
You didn't know any spells.
Your spell library contained the following spells:

 Spells                   Type           Power      Damage    Failure   Level
 Sandblast                Erth           0%         2d4       36%         1
 Passwall                 Tmut/Erth      0%         N/A       50%         2
 Sublimation of Blood     Necr           0%         N/A       50%         2
 Dazzling Flash           Conj/Hex       0%         N/A       75%         3
 Stone Arrow              Conj/Erth      0%         3d7       75%         3
 Volatile Blastmotes      Fire/Tloc      0%         2d10      75%         3
 Petrify                  Tmut/Erth      0%         N/A       98%         4
 Irradiate                Conj/Tmut      0%         3d11      100%        5
 Starburst                Conj/Fire      0%         6d3       100%        6
 Maxwell's Capacitive Co  Air            0%         ∞         100%        8
 Chain Lightning          Conj/Air       0%         N/A       100%        9
 Fire Storm               Conj/Fire      0%         5d1       100%        9
 Shatter                  Erth           0%         3d5*      100%        9


Dungeon Overview and Level Annotations

Branches:
Dungeon (7/15)             Temple (0/1) D:4

Altars:
Ashenzari
Dithmenos
Hepliaklqana
Makhleb
Ru
Yredelemnul
The Shining One

Annotations:
D:3 1 runed translucent door, olddryhag's ghost, weakling DsHW
D:7 Joseph


Innate Abilities, Weirdness & Mutations

You are a hulking beast.
Your limbs bulge with bestial killing power. (Slay +4)
You can breathe blasts of noxious fumes.
Your lurid green scales are hard. (AC +6)
You cannot fit into any form of body armour.
Your system is resistant to poisons. (rPois)
You are cold-blooded and may be slowed by cold attacks.


Message History

Joseph, a Mercenary comes into view.
He is wielding a +0 quarterstaff and carrying a wand of flame.
Joseph zaps a wand.
The puff of flame hits you. You resist.
You hear the creaking of a portcullis nearby.
You see here 18 gold pieces.
You now have 529 gold pieces (gained 18).
Joseph unwields a +0 quarterstaff.
Joseph wields a +0 sling.
Joseph shoots a sling bullet.
The sling bullet hits you!
* * * LOW HITPOINT WARNING * * *
You hear a shout!
You feel much better.
An ogre comes into view. It is wielding a +0 giant spiked club.
The ogre shouts!
Joseph shoots a sling bullet.
The sling bullet hits you!
Joseph shoots a sling bullet.
The sling bullet hits you!
You punch Joseph! You punch Joseph.
Joseph is moderately wounded.
Joseph unwields a +0 sling.
Joseph wields a +0 quarterstaff.
Joseph hits you with a +0 quarterstaff.
You punch Joseph!
Joseph is heavily wounded.
Joseph hits you with a +0 quarterstaff!
* * * LOW HITPOINT WARNING * * *
You feel much better. The ogre barely misses you.
Joseph hits you with a +0 quarterstaff!
You punch Joseph! Your punch misses Joseph.
Joseph is severely wounded.
Joseph hits you with a +0 quarterstaff!
* * * LOW HITPOINT WARNING * * *
The ogre completely misses you.
You hit Joseph but do no damage. Your punch misses Joseph.
Joseph is severely wounded.
Joseph hits you but does no damage.
Okay, then.
You hit Joseph.
Joseph is severely wounded.
The ogre closely misses you.
You punch Joseph! You tail-slap Joseph.
Joseph is almost dead.
Joseph hits you with a +0 quarterstaff!
You die...

..[.....# #......#
...... #.....##
###.....#
.......#########.......#
........#.#............#
#......................#
#.......###.............
##†.†............O......
...###..#.......h@......
##.# #.##..........###..
...##..##..........#
#..##..####.###..#.....
#......####.##..#####..
##..##.......##.# ..
#.###..........# .
##.............#
#............... !


You could see Joseph and an ogre.

Vanquished Creatures
  Grinder (D:4)
  2 wyverns (D:7)
  A water moccasin (D:7)
  Duvessa (D:4)
  An ice beast (D:5)
  A sky beast (D:6)
  A centaur (D:7)
  2 phantoms
  Dowan (D:4)
  3 killer bees (D:7)
  3 jellies
  A hound (D:5)
  An orc priest (D:7)
  9 iguanas
  2 orc wizards (D:6)
  8 gnolls
  5 adders
  A shadow imp (D:6)
  A white imp (D:6)
  An ufetubus (D:6)
  3 worms
  2 dart slugs (D:4)
  12 orcs
  5 bats
  7 endoplasms
  3 giant cockroaches
  5 goblins
  14 hobgoblins
  3 jackals (D:3)
  5 quokkas
  9 ball pythons
  4 frilled lizards (D:1)
  6 kobolds
  7 rats
  A spectral orc (D:4)
132 creatures vanquished.

Notes
Turn   | Place    | Note
-------+----------+-------------------------------------------
     0 | D:1      | CowFu the Draconian Shapeshifter began the quest for the
                  | Orb.
     0 | D:1      | Reached XP level 1. HP: 16/16 MP: 1/1
   415 | D:1      | Reached XP level 2. HP: 23/23 MP: 2/2
   719 | D:1      | Reached XP level 3. HP: 17/28 MP: 3/3
  1161 | D:2      | Reached skill level 4 in Unarmed Combat
  1296 | D:2      | Reached XP level 4. HP: 30/35 MP: 4/4
  1937 | D:2      | Identified the +1 scale mail "Lolum" {Dex+3}
  2481 | D:3      | Found a faded altar of an unknown god.
  2491 | D:3      | Prayed at the altar of an unknown god.
  2491 | D:3      | Became a worshipper of the Shining One
  2491 | D:3      | Reached * piety under the Shining One
  2556 | D:3      | Found a burning altar of Makhleb.
  2567 | D:3      | Reached XP level 5. HP: 35/40 MP: 5/5
  2635 | D:3      | Found a runed translucent door.
  2636 | D:3      | Noticed olddryhag's ghost (weakling DsHW)
  3142 | D:4      | Found a sacrificial altar of Ru.
  3152 | D:4      | Found a staircase to the Ecumenical Temple.
  3239 | D:4      | Noticed Grinder
  3251 | D:4      | Killed Grinder
  3252 | D:4      | Reached skill level 5 in Unarmed Combat
  3252 | D:4      | Reached skill level 5 in Shapeshifting
  3252 | D:4      | Reached XP level 6. HP: 21/47 MP: 6/6
  3479 | D:4      | Found a basalt altar of Yredelemnul.
  3554 | D:4      | Found a shadowy altar of Dithmenos.
  3781 | D:4      | Noticed Dowan
  3781 | D:4      | Noticed Duvessa
  3807 | D:4      | Killed Duvessa
  3808 | D:4      | Reached skill level 6 in Unarmed Combat
  3808 | D:4      | Your scales start taking on a lurid green colour.
  3808 | D:4      | Reached XP level 7. HP: 27/52 MP: 7/7
  3808 | D:4      | Gained mutation: Your system is resistant to poisons.
                  | (rPois) [Green Draconian growth]
  3907 | D:4      | Killed Dowan
  3993 | D:4      | Reached ** piety under the Shining One
  4114 | D:5      | Entered Level 5 of the Dungeon
  4395 | D:5      | HP: 1/52 [ice beast (8)]
  4599 | D:5      | Found a glowing golden altar of the Shining One.
  4604 | D:5      | Found a hazy altar of Hepliaklqana.
  4987 | D:5      | Reached skill level 7 in Unarmed Combat
  5212 | D:6      | Reached XP level 8. HP: 28/59 MP: 8/8
  5813 | D:6      | Found a broken altar of Ashenzari.
  5839 | D:6      | Reached skill level 8 in Unarmed Combat
  6036 | D:7      | Reached skill level 9 in Unarmed Combat
  6124 | D:7      | Reached skill level 10 in Unarmed Combat
  6136 | D:7      | Noticed Joseph
  6149 | D:7      | Mangled by Joseph

Illustrated notes

Levels and vault maps discovered:
D:1:      sevenhm_arrival_forest_fort_large_3, layout_loops_corners,
          minmay_pentomino_p4
D:2:      layout_loops_ring
D:3:      layout_loops_cross, mainiacjoe_overflow_small_starburst,
          ebering_ghost_inner_flame, shapermc_ecumenical_altar_mp_urbaneastern,
          st_stairs_14
D:4:      layout_loops_cross, lemuel_tele_altar, mainiacjoe_overflow_24_doors,
          yredelemnul_forgotten_temple_becter, temple_pool_b, uniq_duvessa,
          uniq_grinder
D:5:      layout_basic, minitemple, kennysheep_generic_room_8
D:6:      layout_basic, nicolae_ashenzari_skybound
D:7:      layout_cave_pools, enter_bailey_2, uniq_joseph

Skill      XL: |  1  2  3  4  5  6  7  8 |
---------------+-------------------------+-----
Unarmed Combat | 4 5 6 7 10 | 10.0
Shapeshifting  | 4 5 6 7 |  7.0
Fighting       | |  1.1
Dodging        | |  1.7

Action                     |  1- 3 |  4- 6 |  7- 9 || total
---------------------------+-------+-------+-------++-------
  Melee: Unarmed           |   101 |   151 |   127 ||   379
         Tailslap          |     9 |    26 |    18 ||    53
         Punch             |     2 |     4 |    13 ||    19
Ability: Breathe Noxious F |       |       |     2 ||     2
    Use: Potion            |     1 |       |     5 ||     6
         Scroll            |       |     3 |    10 ||    13
   Stab: Sleeping          |     1 |     2 |       ||     3
 Armour: Skin              |    45 |    87 |    92 ||   224
  Dodge: Dodged            |    76 |    49 |    70 ||   195

Table legend: (Time is in decaauts)
 A = Elapsed time spent in this place.
 B = Non-inter-level travel time spent in this place.
 C = Inter-level travel time spent in this place.
 D = Time resting spent in this place.
 E = Time spent auto-exploring this place.
 F = Levels seen in this place.
 G = Mean time per level.
                   A        B        C        D        E       F      G
               +--------+--------+--------+--------+--------+-----+--------+
         Total |   6106 |   5946 |    160 |      0 |   4736 |   7 |  872.3 |
       Dungeon |   6106 |   5946 |    160 |      0 |   4736 |   7 |  872.3 |
               +--------+--------+--------+--------+--------+-----+--------+

Top non-repeatable levels by time:
     D:1: 1189 daAuts
     D:5: 1156 daAuts
     D:2: 1040 daAuts
     D:4: 979 daAuts
     D:3: 890 daAuts
     D:6: 636 daAuts
     D:7: 212 daAuts
